 Dungeon Crawl Stone Soup version 0.30-a0-622-gddc90eaa04 (webtiles) character file.

Game seed: 17484006903931623796

56672 Newt the Covert (level 14, -2/110 HPs)
             Began as a Demonspawn Gladiator on Jan 10, 2023.
             Was the Champion of Dithmenos.
             Slain by a death yak (3 damage)
             ... on level 5 of the Lair of Beasts.
             The game lasted 00:24:52 (16811 turns).

Newt the Covert (Demonspawn Gladiator)             Turns: 16811, Time: 00:24:53

Health: -2/110     AC: 14    Str: 20    XL:     14   Next: 42%
Magic:  21/21      EV: 16    Int: 11    God:    Dithmenos [******]
Gold:   569        SH: 13    Dex: 31    Spells: 19/23 levels left

rFire   . . .      SeeInvis .    b - +6 long sword "Sihohyt" {flame, +Blink Str+4 Dex+2}
rCold   . . .      Faith    .    T - +0 kite shield
rNeg    . . .      Spirit   .    R - +1 leather armour of Doppew {rPois Will- Slay+6}
rPois   +          Reflect  .    (helmet unavailable)
rElec   .          Harm     +    Q - scarf {harm}
rCorr   .          Rampage  .    (no gloves)
Will    .....                    (no boots) Stlth *+++++++++
                                 (no amulet)
HPRegen 0.38/turn                u - +6 ring of dexterity
MPRegen 0.17/turn                h - ring of Checkmate {Dex+6 Slay+2}

@: sanguine armoured, wreathed by umbra, studying Polearms
A: horns 3, powered by death 2, sanguine armour 2, bedeviling, mutation
resistance 1, MP-powered wands
a: Renounce Religion, Evoke Blink, Shadow Step, Shadow Form


You were on level 5 of the Lair of Beasts.
You worshipped Dithmenos.
Dithmenos was exalted by your worship.
You visited 3 branches of the dungeon, and saw 17 of its levels.
You also visited: Sewer and Bailey.

You collected 914 gold pieces.
You spent 345 gold pieces at shops.

Inventory:

Hand Weapons
 a - a +1 rapier of freezing
 b - the +6 long sword "Sihohyt" (weapon) {flame, +Blink Str+4 Dex+2}
   (You found it on level 2 of the Lair of Beasts)

   Str:       It affects your strength (+4).
   Dex:       It affects your dexterity (+2).
   +Blink:    It lets you blink.
Missiles
 d - 2 throwing nets (quivered)
 e - 5 javelins
 m - 3 atropa-tipped darts
 p - 16 poisoned darts
Armour
 K - the +3 scale mail of Dejurorash {rN+ rCorr}
   (You found it on level 9 of the Dungeon)

   rN:        It protects you from negative energy.
   rCorr:     It protects you from acid and corrosion.
 M - the +5 chain mail "Goudilot" {Fly rCorr Str+7 SInv}
   (You found it in a bailey)

   Str:       It affects your strength (+7).
   SInv:      It lets you see invisible.
   Fly:       It grants you flight.
   rCorr:     It protects you from acid and corrosion.
 Q - a scarf of harm (worn)
 R - the +1 leather armour of Doppew (worn) {rPois Will- Slay+6}
   (You bought it in a shop on level 10 of the Dungeon)

   Slay:      It affects your accuracy & damage with ranged weapons and melee
   (+6).
   rPois:     It protects you from poison.
   Will:      It decreases your willpower.
 T - a +0 kite shield (worn)
 U - a +2 leather armour of fire resistance
 W - a +1 leather armour
Jewellery
 h - the ring of Checkmate (right hand) {Dex+6 Slay+2}
   (You acquired it on level 4 of the Dungeon)

   [ring of dexterity]

   Dex:       It affects your dexterity (+6).
   Slay:      It affects your accuracy & damage with ranged weapons and melee
   (+2).
 j - a +6 ring of strength
 l - a ring of wizardry
 o - a ring of ice
 t - the ring "Xeonepse" {Fire rN+ Int+3}
   (You found it on level 5 of the Lair of Beasts)

   [ring of fire]

   It enhances your fire magic.
   Int:       It affects your intelligence (+3).
   rF:        It protects you from fire.
   rC:        It makes you vulnerable to cold.
   rN:        It protects you from negative energy.
 u - a +6 ring of dexterity (left hand)
 z - a ring of fire
Wands
 i - a wand of acid (5)
 D - a wand of iceblast (10)
 E - a wand of flame (28)
 P - a wand of paralysis (9)
 Y - a wand of mindburst (11)
Scrolls
 c - a scroll of torment
 k - 7 scrolls of magic mapping
 n - a scroll of brand weapon
 s - 8 scrolls of enchant weapon
 w - 8 scrolls of identify
 x - 4 scrolls of teleportation
 G - a scroll of blinking
 S - 5 scrolls of enchant armour
 X - 2 scrolls of silence
 Z - a scroll of summoning
Potions
 f - 3 potions of magic
 g - 6 potions of flight
 q - a potion of might
 r - a potion of invisibility
 A - a potion of heal wounds
 B - a potion of haste
 C - a potion of mutation
 F - a potion of berserk rage
 J - a potion of brilliance
 N - 5 potions of curing
 O - a potion of resistance
Miscellaneous
 L - a box of beasts
 V - a lightning rod (4/4)


   Skills:
 - Level 10.0 Fighting
 + Level 10.7 Short Blades
 - Level 4.0 Throwing
 - Level 9.0 Armour
 - Level 6.0 Dodging
 - Level 14.0 Stealth
 - Level 6.0 Shields
 - Level 5.0 Spellcasting
 - Level 6.0 Hexes
 - Level 10.0 Invocations
 - Level 6.0 Evocations


You had 19 spell levels left.
You knew the following spells:

 Your Spells              Type           Power      Damage    Failure   Level
a - Slow                  Hex            92%        N/A       5%          1
b - Confusing Touch       Hex            23%        N/A       17%         3

Your spell library contained the following spells:

 Spells                   Type           Power      Damage    Failure   Level
 Inner Flame              Hex/Fire       14%        N/A       50%         3
 Summon Guardian Golem    Hex/Summ       14%        N/A       50%         3
 Freeze                   Ice            8%         1d3       54%         1
 Sandblast                Erth           4%         2d4       54%         1
 Passwall                 Tmut/Erth      1%         N/A       69%         2
 Static Discharge         Conj/Air       4%         2-3/arc   69%         2
 Frozen Ramparts          Ice            4%         1d1       89%         3
 Gell's Gravitas          Tloc           2%         N/A       89%         3
 Hailstorm                Conj/Ice       2%         3d3       89%         3
 Lesser Beckoning         Tloc           4%         N/A       89%         3
 Stone Arrow              Conj/Erth      4%         3d7       89%         3
 Teleport Other           Tloc           2%         N/A       89%         3
 Vampiric Draining        Necr           2%         2d6       89%         3
 Vhi's Electric Charge    Tloc/Air       4%         N/A       89%         3
 Summon Mana Viper        Hex/Summ       14%        N/A       99%         5
 Flame Wave               Conj/Fire      2%         2d4       100%        4
 Sticky Flame             Conj/Fire      2%         2d3       100%        4
 Summon Ice Beast         Ice/Summ       2%         N/A       100%        4
 Arcjolt                  Conj/Air       1%         1d11      100%        5
 Freezing Cloud           Conj/Ice/Air   1%         6-21      100%        5
 Lightning Bolt           Conj/Air       1%         1d12      100%        5
 Simulacrum               Ice/Necr       1%         N/A       100%        6
 Monstrous Menagerie      Summ           1%         N/A       100%        7
 Orb of Destruction       Conj           1%         9d5       100%        7
 Spellforged Servitor     Conj/Summ      1%         N/A       100%        7
 Polar Vortex             Ice            1%         N/A       100%        9


Dungeon Overview and Level Annotations

Branches:
Dungeon (11/15)            Temple (1/1) D:7            Lair (5/5) D:10
 Shoals (0/4) Lair:3        Snake (0/4) Lair:2        Slime (0/5) Lair:4
  Sewer (visited)          Bailey (visited)
    Orc: D:9-12

Altars:
Ashenzari
Cheibriados
Dithmenos
Fedhas
Gozag
Hepliaklqana
Kikubaaqudgha
Makhleb
Nemelex Xobeh
Okawaru
Qazlal
Ru
Sif Muna
Trog
Uskayaw
Vehumet
Wu Jian
Xom
Yredelemnul

Shops:
D:10 [

Annotations:
Lair:1 exclusion: 2 oklob plants


Innate Abilities, Weirdness & Mutations

You have a pair of large horns on your head.
You regenerate health from kills.
When seriously injured, your blood forms thick armour. (AC +9)
Your hexes are more powerful.
You are somewhat resistant to further mutation.
You expend magic power (3 MP) to strengthen your wands.


Message History

You slash the death yak! You burn the death yak. You headbutt the death yak!!
The death yak is heavily wounded.
You slash the death yak! You burn the death yak.
The death yak is almost dead.
Your shadow hits the death yak with a long sword!
You kill the death yak!
Dithmenos accepts your kill. You block the death yak's attack.
You slash the death yak! You burn the death yak.
You headbutt the death yak, but do no damage.
The death yak is moderately wounded.
The death yak misses you.
You slash the death yak! You burn the death yak.
The death yak is heavily wounded.
Your shadow hits the death yak with a long sword!
You block the death yak's attack.
You slash the death yak! You burn the death yak.
The death yak is almost dead.
The death yak gores you!
* * * LOW HITPOINT WARNING * * *
The death yak closely misses you.
You completely miss the death yak. You headbutt the death yak!
You kill the death yak!
Dithmenos accepts your kill.
You slash the death yak! You burn the death yak.
The death yak is moderately wounded.
Your shadow hits the death yak but does no damage.
The death yak gores you!!
* * * LOW HITPOINT WARNING * * *
You emit a cloud of dark smoke.
You completely miss the death yak.
The death yak is lightly wounded.
Your shadow hits the death yak with a long sword.
The death yak misses you. x2
You slash the death yak! You burn the death yak.
The death yak is heavily wounded.
The death yak gores you.
* * * LOW HITPOINT WARNING * * *
The death yak gores you.
You die...

#..P##.8.†.....[)##
#...#....#.8÷...[.#
#..##...##..8..8..##
#.##....####..÷..###
#.#......##....8.###
##........#..8...###.
#P.§§§......÷..###.P.
##.§§Y###.....###.....
#..P§@Y.#######......#
###§§##.............##
######..........♣##
##....###### ######


You could see 2 death yaks.

Vanquished Creatures
  Gastronok (D:8)
  3 hydras
  2 catoblepae
  A two-headed ogre (D:10)
  12 death yaks
  A deep troll shaman (Lair:5)
  A fire crab (Lair:4)
  Amaemon (D:8)
  Pikel (D:7)
  2 orc knights (Bailey)
  2 lindwurms
  A manticore (D:10)
  5 elephants (Lair:5)
  6 black mambas
  2 torpor snails
  An orange demon (D:8)
  13 cane toads
  A kobold demonologist (D:10)
  Maggie (D:8)
  A rime drake (Lair:2)
  10 komodo dragons
  Psyche (D:9)
  A troll (D:9)
  10 polar bears
  A meliai (D:10)
  A hornet (D:8)
  12 blink frogs
  5 dream sheep (Lair:4)
  A slime creature (D:8)
  A vampire (D:9)
  5 wyverns
  Eustachio (D:4)
  68 yaks
  2 basilisks (Lair:4)
  Edmund (D:5)
  A naga (Lair:2)
  15 water moccasins
  6 black bears
  9 orc warriors
  A sky beast (D:5)
  2 ice beasts
  36 wolves
  A centaur (D:10)
  3 ogres
  2 kobold brigands
  2 phantoms
  11 bullfrogs
  A necrophage (D:6)
  9 wights
  3 scorpions
  18 killer bees
  2 electric eels
  7 orc priests
  3 jellies (Lair:4)
  Crazy Yiuf (D:2)
  4 hounds
  4 iguanas
  Natasha (twice) (D:4)
  7 orc wizards
  6 gnolls (D:9)
  10 adders
  7 river rats
  A shadow imp (D:6)
  4 white imps
  3 worms
  2 dart slugs
  48 orcs
  7 bats
  8 endoplasms
  3 giant cockroaches
  5 goblins
  6 hobgoblins
  2 quokkas
  18 ball pythons
  5 frilled lizards
  12 kobolds
  43 rats
518 creatures vanquished.

Vanquished Creatures (collateral kills)
  3 death yaks (Lair:4)
3 creatures vanquished.

Vanquished Creatures (others)
  A bush (Lair:4)
  25 fungi
  28 plants
54 creatures vanquished.

Grand Total: 575 creatures vanquished

Notes
Turn   | Place    | Note
-------+----------+-------------------------------------------
     0 | D:1      | Newt the Demonspawn Gladiator began the quest for the Orb.
     0 | D:1      | Reached XP level 1. HP: 16/16 MP: 1/1
   222 | D:1      | Reached skill level 1 in Stealth
   548 | D:1      | Gained mutation: When seriously injured, your blood forms
                  | armour. (AC +9) [demonic ancestry]
   548 | D:1      | Reached XP level 2. HP: 21/22 MP: 2/2
   796 | D:1      | Reached skill level 2 in Stealth
  1223 | D:2      | Gained mutation: You have a pair of small horns on your
                  | head. [demonic ancestry]
  1223 | D:2      | Reached XP level 3. HP: 22/28 MP: 3/3
  1429 | D:2      | Found a faded altar of an unknown god.
  1458 | D:2      | Found a runed translucent door.
  1459 | D:2      | Noticed Crazy Yiuf
  1656 | D:2      | Killed Crazy Yiuf
  1657 | D:2      | Gained mutation: You regenerate a little health from kills.
                  | [demonic ancestry]
  1657 | D:2      | Reached XP level 4. HP: 37/37 MP: 4/4
  2167 | D:4      | Found a glowing drain.
  2210 | Sewer    | Entered a sewer
  2272 | Sewer    | Gained mutation: You have a pair of horns on your head.
                  | [demonic ancestry]
  2272 | Sewer    | Reached XP level 5. HP: 28/42 MP: 5/5
  2443 | Sewer    | Reached skill level 1 in Armour
  2633 | Sewer    | HP: 1/63 [bullfrog (4)]
  2634 | Sewer    | Gained mutation: When seriously injured, your blood forms
                  | thick armour. (AC +9) [demonic ancestry]
  2634 | Sewer    | Reached XP level 6. HP: 2/48 MP: 6/6
  2706 | D:4      | Noticed Eustachio
  2717 | D:4      | Killed Eustachio
  2718 | D:4      | Reached XP level 7. HP: 13/54 MP: 7/7
  2959 | D:4      | Identified 2 scrolls of acquirement
  2959 | D:4      | Acquired a manual of Stealth
  2961 | D:4      | Acquired the ring of Checkmate {Dex+6 Slay+2}
  2973 | D:4      | Noticed Natasha
  2977 | D:4      | Killed Natasha
  3046 | D:4      | Reached skill level 3 in Stealth
  3450 | D:4      | Noticed Natasha
  3458 | D:4      | Killed Natasha
  3534 | D:5      | Entered Level 5 of the Dungeon
  3542 | D:5      | Reached skill level 4 in Stealth
  3626 | D:5      | Reached skill level 5 in Stealth
  3648 | D:5      | Reached skill level 6 in Stealth
  3649 | D:5      | Noticed a yak
  3649 | D:5      | Noticed a yak
  3650 | D:5      | Noticed a yak
  3661 | D:5      | Gained mutation: You have a pair of large horns on your
                  | head. [demonic ancestry]
  3661 | D:5      | Reached XP level 8. HP: 55/60 MP: 8/8
  3667 | D:5      | Reached skill level 7 in Stealth
  3671 | D:5      | Reached skill level 9 in Stealth
  3683 | D:5      | Reached skill level 10 in Stealth
  3856 | D:5      | Noticed Edmund
  3858 | D:5      | Killed Edmund
  3859 | D:5      | Reached skill level 11 in Stealth
  4228 | D:5      | Found a hide-covered altar of Uskayaw.
  4434 | D:6      | Reached skill level 12 in Stealth
  4434 | D:6      | Reached XP level 9. HP: 65/65 MP: 9/9
  4591 | D:6      | Identified the +7 flail "Kykhlos" {venom, rF+ Will++ MP+9
                  | Dex-2}
  4743 | D:6      | Identified the +6 sling of the Final Decision {elec, Will+
                  | Str-3 Dex+6 Stlth+}
  4938 | D:6      | Reached skill level 13 in Stealth
  5138 | D:7      | Found a blossoming altar of Fedhas.
  5316 | D:7      | Found a staircase to the Ecumenical Temple.
  5353 | Temple   | Entered the Ecumenical Temple
  5538 | Temple   | Became a worshipper of Dithmenos the Shadowed
  5660 | D:7      | Found a shimmering blue altar of Sif Muna.
  5726 | D:7      | Noticed Pikel
  5731 | D:7      | Killed Pikel
  5732 | D:7      | Reached skill level 14 in Stealth
  5732 | D:7      | Reached skill level 5 in Short Blades
  6028 | D:8      | Noticed Gastronok
  6057 | D:8      | Killed Gastronok
  6058 | D:8      | Gained mutation: You regenerate health from kills. [demonic
                  | ancestry]
  6058 | D:8      | Reached XP level 10. HP: 38/71 MP: 10/10
  6192 | D:8      | Reached skill level 5 in Dodging
  6316 | D:8      | Noticed an orange demon
  6318 | D:8      | Noticed Amaemon
  6323 | D:8      | Killed an orange demon
  6326 | D:8      | Killed Amaemon
  6383 | D:8      | Noticed Maggie
  6411 | D:8      | Killed Maggie
  6543 | D:8      | Reached skill level 5 in Evocations
  6623 | D:8      | Found a bloodstained altar of Trog.
  6899 | D:9      | Reached * piety under Dithmenos
  6919 | D:9      | Identified the +3 scale mail of Dejurorash {rN+ rCorr}
  6970 | D:9      | Found a flagged portal.
  6979 | Bailey   | Entered a bailey
  7026 | Bailey   | Reached skill level 5 in Fighting
  7026 | Bailey   | Reached XP level 11. HP: 69/79 MP: 11/11
  7195 | Bailey   | Noticed an orc knight
  7195 | Bailey   | Noticed an orc knight
  7197 | Bailey   | Killed an orc knight
  7209 | Bailey   | Killed an orc knight
  7218 | Bailey   | Identified the +5 chain mail "Goudilot" {Fly rCorr Str+7
                  | SInv}
  7398 | D:9      | Noticed Psyche
  7405 | D:9      | Killed Psyche
  7498 | D:9      | Reached ** piety under Dithmenos
  7739 | D:9      | Found a broken altar of Ashenzari.
  8103 | D:9      | Identified the +1 helmet "Ruawkiff" {rElec}
  8174 | D:9      | Reached skill level 5 in Armour
  8210 | D:10     | Entered Level 10 of the Dungeon
  8292 | D:10     | Noticed a two-headed ogre
  8315 | D:10     | Killed a two-headed ogre
  8445 | D:10     | Found Ziblo Rilal's Antique Armour Emporium.
  8454 | D:10     | Bought a glowing scarf for 184 gold pieces
  8618 | D:10     | Reached *** piety under Dithmenos
  8735 | D:10     | Found a staircase to the Lair.
  9684 | Lair:1   | Entered Level 1 of the Lair of Beasts
  9851 | D:10     | Bought a spiked leather armour for 161 gold pieces
  9851 | D:10     | Identified the +1 leather armour of Doppew {rPois Will-
                  | Slay+6} (You bought it in a shop on level 10 of the
                  | Dungeon)
  9974 | Lair:1   | Gained mutation: Your hexes are more powerful. [demonic
                  | ancestry]
  9974 | Lair:1   | Reached XP level 12. HP: 92/92 MP: 12/12
  9998 | Lair:1   | Reached skill level 1 in Invocations
 10347 | Lair:1   | Found a blossoming altar of Fedhas.
 10924 | Lair:2   | Reached skill level 5 in Invocations
 11069 | Lair:2   | Reached **** piety under Dithmenos
 11202 | Lair:2   | Identified the +6 long sword "Sihohyt" {flame, +Blink Str+4
                  | Dex+2}
 11245 | Lair:2   | Found a staircase to the Snake Pit.
 11318 | Lair:2   | Noticed a catoblepas
 11321 | Lair:2   | Killed a catoblepas
 11974 | Lair:3   | Found a staircase to the Shoals.
 12047 | Lair:3   | Found a shimmering altar of Xom.
 12086 | Lair:3   | Reached skill level 10 in Short Blades
 12100 | Lair:3   | Reached skill level 1 in Shields
 12468 | Lair:3   | Reached XP level 13. HP: 86/98 MP: 17/17
 12472 | Lair:3   | Reached ***** piety under Dithmenos
 12588 | Lair:3   | Reached skill level 5 in Shields
 12589 | Lair:3   | Gained mutation: Your body sometimes deteriorates upon
                  | taking damage. [potion of mutation]
 12589 | Lair:3   | Gained mutation: You are vulnerable to cold. (rC-) [potion
                  | of mutation]
 12590 | Lair:3   | Lost mutation: Your body sometimes deteriorates upon taking
                  | damage. [potion of mutation]
 12590 | Lair:3   | Lost mutation: You are vulnerable to cold. (rC-) [potion of
                  | mutation]
 12590 | Lair:3   | Gained mutation: You expend magic power (3 MP) to
                  | strengthen your wands. [potion of mutation]
 12590 | Lair:3   | Gained mutation: You are somewhat resistant to further
                  | mutation. [potion of mutation]
 12903 | Lair:4   | Found a staircase to the Slime Pits.
 13319 | Lair:3   | Reached skill level 1 in Spellcasting
 13763 | Lair:4   | HP: 4/98 [fire crab] (22)]
 13995 | Lair:4   | Reached skill level 5 in Spellcasting
 14098 | Lair:4   | Reached skill level 1 in Hexes
 14148 | Lair:4   | Learned a level 1 spell: Slow
 14152 | Lair:4   | Learned a level 3 spell: Confusing Touch
 14233 | Lair:4   | Reached skill level 5 in Hexes
 14996 | Lair:5   | Entered Level 5 of the Lair of Beasts
 15165 | Lair:5   | Reached XP level 14. HP: 109/109 MP: 21/21
 15200 | Lair:5   | Reached skill level 10 in Fighting
 16140 | Lair:5   | Identified the ring "Xeonepse" {Fire rN+ Int+3}
 16284 | Lair:5   | Reached ****** piety under Dithmenos
 16285 | Lair:5   | Reached skill level 10 in Invocations
 16811 | Lair:5   | HP: 1/110 [death yak (6)]
 16811 | Lair:5   | Slain by a death yak

Illustrated notes

Levels and vault maps discovered:
D:1:      matt_arrival_refuge, layout_basic, minmay_misc_feat_rugged,
          dk_noncrumbling_3, corexii_corridor_pit
D:2:      layout_rooms, basic_ecumenical_altar, uniq_crazy_yiuf_cottage
D:3:      layout_rooms, grunt_decor_mini_mirrors
D:4:      layout_basic, portal_sewer_entry_b, uniq_eustachio, uniq_natasha
D:5:      layout_loops_ring, nicolae_uskayaw_suspiria, grunt_decor_cap,
          uniq_edmund
D:6:      layout_loops_ring, serial_park_tiny_2
D:7:      layout_basic, kennysheep_little_box, nicolae_sif_muna_little_library,
          minmay_temple_entry_overgrown, minmay_misc_feat_diagonals, uniq_pikel
D:8:      layout_cave_pools, nicolae_overflow_squiral,
          minmay_manual_mandibuliform, uniq_amaemon, uniq_gastronok, uniq_maggie
D:9:      layout_basic, mainiacjoe_overflow_small_starburst,
          lightli_bailey_entry_fortress, hangedman_decor_push, uniq_psyche
D:10:     layout_layer_cave, grunt_lair_entry_orc_guard_hut, serial_shops, shop,
          minmay_between
D:11:     layout_rooms, uniq_nergalle, uniq_erolcha, uniq_sonja
Temple:   nicolae_temple_superstar
Lair:1:   beast_lair_carwin_large_1, layout_layer_cave, hangedman_tree_tricks,
          serial_bayou_lagoon_a, minivault_11
Lair:2:   layout_cave_pods, guppyfry_snake_entry_garden, grunt_megastairs_5
Lair:3:   layout_regular_city, elwin_shoals_entry_rocks, basic_altar
Lair:4:   nzn_winding_woodlands_cross [nzn_winding_woodlands_5x15_longhouse,
          nzn_winding_woodlands_5x15_river_crossing,
          nzn_winding_woodlands_5x15_split_checker,
          nzn_winding_woodlands_5x15_sawtooth,
          nzn_winding_woodlands_15x15_eel_pit], layout_gridlike,
          nicolae_slime_entry_field_trip, lemuel_fruit_fields,
          infiniplex_staircase_pool_2, lemuel_fruit_tree
Lair:5:   grunt_lair_end_beastmaster, layout_gridlike

Skill      XL: |  1  2  3  4  5  6  7  8  9 10 11 12 13 14 |
---------------+-------------------------------------------+-----
Stealth        | 1 2 6 12 14 | 14.0
Fighting       | 3 4 5 8 9 10 | 10.0
Short Blades   | 3 4 7 10 | 10.7
Armour         | 2 4 8 9 |  9.0
Throwing       | 2 4 |  4.0
Dodging        | 4 6 |  6.0
Evocations     | 6 |  6.0
Invocations    | 6 10 | 10.0
Shields        | 4 6 |  6.0
Spellcasting   | 5 |  5.0
Hexes          | 6 |  6.0

Action                   |  1- 3 |  4- 6 |  7- 9 | 10-12 | 13-15 || total
-------------------------+-------+-------+-------+-------+-------++-------
Melee: Rapier            |    88 |   286 |   187 |   504 |   340 ||  1405
       Headbutt          |     4 |    28 |    45 |   126 |   109 ||   312
       Punch             |       |     4 |     2 |     2 |       ||     8
       Long sword        |       |       |       |       |    26 ||    26
Throw: Throwing net      |     1 |     1 |     2 |     1 |       ||     5
Invok: Shadow Step       |       |       |       |       |     1 ||     1
Evoke: Wand              |       |       |     1 |     3 |     1 ||     5
       Lightning rod     |       |       |       |       |     2 ||     2
       Box of beasts     |       |       |       |       |     1 ||     1
  Use: Scroll            |     8 |     7 |     8 |     6 |     6 ||    35
       Potion            |       |     3 |     1 |       |     5 ||     9
 Stab: Sleeping          |     1 |     3 |    17 |    64 |    22 ||   107
       Held in net/web   |     2 |     1 |       |     2 |       ||     5
       Invisible         |       |     2 |       |       |       ||     2
       Distracted        |       |       |     1 |     1 |     3 ||     5
Armor: Leather armour    |    39 |   187 |    58 |    33 |    61 ||   378
       Skin              |       |    70 |       |       |       ||    70
       Chain mail        |       |       |       |    98 |       ||    98
Dodge: Dodged            |    83 |   325 |   117 |   422 |   235 ||  1182
Block: Kite shield       |       |       |       |    71 |   257 ||   328

Table legend: (Time is in decaauts)
 A = Elapsed time spent in this place.
 B = Non-inter-level travel time spent in this place.
 C = Inter-level travel time spent in this place.
 D = Time resting spent in this place.
 E = Time spent auto-exploring this place.
 F = Levels seen in this place.
 G = Mean time per level.
                   A        B        C        D        E       F      G
               +--------+--------+--------+--------+--------+-----+--------+
         Total |  16788 |  16195 |    593 |   2524 |  10436 |  19 |  883.6 |
       Dungeon |   8770 |   8390 |    380 |    431 |   6417 |  11 |  797.3 |
        Temple |    194 |    173 |     21 |      0 |    157 |   1 |  194.0 |
          Lair |   7008 |   6816 |    192 |   2093 |   3453 |   5 | 1401.6 |
         Sewer |    522 |    522 |      0 |      0 |    231 |   1 |  522.0 |
        Bailey |    292 |    292 |      0 |      0 |    178 |   1 |  292.0 |
               +--------+--------+--------+--------+--------+-----+--------+

Top non-repeatable levels by time:
  Lair:4: 1854 daAuts
    D:10: 1543 daAuts
  Lair:3: 1530 daAuts
  Lair:5: 1492 daAuts
  Lair:1: 1084 daAuts
  Lair:2: 1046 daAuts
     D:9: 1031 daAuts
     D:1: 975 daAuts
     D:4: 909 daAuts
     D:5: 868 daAuts
     D:8: 822 daAuts
     D:2: 739 daAuts
     D:7: 736 daAuts
     D:6: 692 daAuts
   Sewer: 522 daAuts
